 Dungeon Crawl Stone Soup version 0.30-a0-331-g8ab09dc110 (webtiles) character file.

Game seed: 9401392816582334617

593 McGhostyFace the Grave Robber (level 7, -4/51 HPs)
             Began as a Gnoll Wanderer on Oct 30, 2022.
             Was an Initiate of Ashenzari.
             Killed by divine providence
             ... invoked by an orc priest
              (14 damage)
             ... on level 5 of the Dungeon.
             The game lasted 00:10:44 (3530 turns).

McGhostyFace the Grave Robber (Gnoll Wanderer)      Turns: 3530, Time: 00:10:44

Health: -4/51      AC: 12    Str: 11    XL:     7   Next: 39%
Magic:  12/12      EV: 12    Int: 13    God:    Ashenzari [......]
Gold:   241        SH:  0    Dex: 12    Spells: 12/13 levels left

rFire   x . .      SeeInvis .    v - +3 quarterstaff (chaos)
rCold   + . .      Faith    .    (shield currently unavailable)
rNeg    . . .      Spirit   .    y - +5 leather armour "Asaucut" {rPois}
rPois   +          Reflect  .    (no helmet)
rElec   .          Harm     .    w - +0 cloak
rCorr   .          Rampage  .    j - +0 pair of gloves
Will    .....                    t - +0 pair of boots of the Unyielding Gaze {Melee, Cun} (curse)
Stlth   ++........               (no amulet)
HPRegen 0.28/turn                C - ring of ice
MPRegen 0.13/turn                (no ring)

@: unable to drink
A: fangs 1, strong nose, distributed training, hooves 1, sense surroundings 1,
inability to drink after injury 1
a: Renounce Religion, Shatter the Chains


You were on level 5 of the Dungeon.
You worshipped Ashenzari.
Ashenzari was noncommittal.
You visited 2 branches of the dungeon, and saw 6 of its levels.

You collected 241 gold pieces.

Inventory:

Hand Weapons
 a - a +0 quarterstaff
 c - a +0 dagger
 g - a +1 dagger of holy wrath
 v - a +3 quarterstaff of chaos (weapon)
Missiles
 b - 9 poisoned darts
 e - 3 atropa-tipped darts (quivered)
Armour
 j - a +0 pair of gloves (worn)
 t - the cursed +0 pair of boots of the Unyielding Gaze (worn) {Melee, Cun}
   (You found it on level 2 of the Dungeon)

   It has a curse which improves the following skills: Melee Combat: Short
   Blades, Long Blades, Axes, Maces & Flails, Polearms, Staves and Unarmed
   Combat.
   Cunning:   Dodging and Stealth.
 w - a +0 cloak (worn)
 y - the +5 leather armour "Asaucut" (worn) {rPois}
   (You found it on level 3 of the Dungeon)

   rPois:     It protects you from poison.
Jewellery
 C - a ring of ice (left hand)
Wands
 u - a wand of digging (9)
 x - a wand of mindburst (9)
 D - a wand of charming (10)
Scrolls
 k - a scroll of brand weapon {unknown}
 l - 3 scrolls of fog
 m - 3 scrolls of blinking {unknown}
 o - a scroll of poison {unknown}
 q - a scroll of amnesia {unknown}
 s - a scroll of immolation {unknown}
 z - 2 scrolls of identify
 B - a scroll of summoning {unknown}
Potions
 d - a potion of attraction
 f - a potion of haste {unknown}
 h - 4 potions of curing
 i - 2 potions of lignification
 n - 3 potions of berserk rage
 p - 2 potions of brilliance
 r - 2 potions of degeneration {unknown}
 A - a potion of flight {unknown}


   Skills:
 + Level 2.5 Fighting
 + Level 2.5(2.9) Short Blades
 + Level 2.5(2.9) Long Blades
 + Level 2.5(2.9) Axes
 + Level 2.5(2.9) Maces & Flails
 + Level 2.5(2.9) Polearms
 + Level 5.3(5.7) Staves
 + Level 2.5 Ranged Weapons
 + Level 3.7 Throwing
 + Level 5.3 Armour
 + Level 3.7(4.1) Dodging
 + Level 2.5(2.9) Stealth
 + Level 2.5 Shields
 + Level 2.5(2.9) Unarmed Combat
 + Level 3.8 Spellcasting
 + Level 2.1 Conjurations
 + Level 2.1 Hexes
 + Level 2.1 Summonings
 + Level 5.8 Necromancy
 + Level 2.1 Translocations
 + Level 2.1 Transmutations
 + Level 2.1 Fire Magic
 + Level 2.1 Ice Magic
 + Level 2.1 Air Magic
 + Level 2.1 Earth Magic
 + Level 2.1 Poison Magic
 + Level 2.8 Invocations
 + Level 2.5 Evocations


You had 12 spell levels left.
You knew the following spells:

 Your Spells              Type           Power      Damage    Failure   Level
a - Kiss of Death         Conj/Necr      48%        2d9       5%          1

Your spell library contained the following spells:

 Spells                   Type           Power      Damage    Failure   Level
 Vampiric Draining        Necr           17%        2d7       7%          3
 Beastly Appendage        Tmut           16%        N/A       12%         1
 Ensorcelled Hibernation  Hex/Ice        24%        N/A       17%         2
 Static Discharge         Conj/Air       16%        2-3/arc   17%         2
 Wereblood                Tmut           8%         N/A       17%         2
 Dispel Undead            Necr           17%        3d10      24%         4
 Spider Form              Tmut/Pois      8%         N/A       34%         3
 Tukima's Dance           Hex            8%         N/A       34%         3
 Vhi's Electric Charge    Tloc/Air       16%        N/A       34%         3
 Anguish                  Hex/Necr       6%         N/A       45%         4
 Passage of Golubria      Tloc           8%         N/A       75%         4
 Arcjolt                  Conj/Air       4%         1d14      97%         5
 Lightning Bolt           Conj/Air       4%         1d15      97%         5
 Yara's Violent Unravell  Hex/Tmut       4%         3d4       97%         5


Dungeon Overview and Level Annotations

Branches:
Dungeon (5/15)             Temple (1/1) D:4

Altars:
Ashenzari
Cheibriados
Elyvilon
Gozag
Hepliaklqana
Kikubaaqudgha
Makhleb
Okawaru
Qazlal
Trog
Vehumet
Yredelemnul
Zin
The Shining One

Shops:
D:4 *   D:5 [


Innate Abilities, Weirdness & Mutations

You have very sharp teeth.
Your uncanny sense of smell can sniff out nearby items.
Your experience applies equally to all skills.
You have large cloven feet.
You passively map a small area around you.
You occasionally lose the ability to drink potions when taking damage.


Message History

The orc priest mumbles some strange prayers to Beogh against you.
Something writhes in agony!
Reactivating autopickup.
You feel a bit more experienced.
You hit the orc. You freeze the orc.
You kill the orc!
You hit the orc priest. You burn the orc priest.
The orc priest is heavily wounded.
The orc priest looks encouraged for a moment.
You barely miss the orc priest.
The orc priest is heavily wounded.
The orc priest barely misses you.
You barely miss the orc priest.
The orc priest is heavily wounded.
The orc priest barely misses you.
Unknown command.
You hit the orc priest. You freeze the orc priest.
Your bite misses the orc priest.
The orc priest is severely wounded.
The orc priest misses you.
You hit the orc priest but do no damage.
You bite the orc priest, but do no damage.
The orc priest is severely wounded.
The orc priest closely misses you.
You hit the orc priest. You burn the orc priest.
Your bite misses the orc priest.
The orc priest is almost dead.
The orc priest invokes the aid of Beogh against you.
You struggle to resist.
You hit the orc priest.
The orc priest is almost dead.
The orc priest mumbles some strange prayers to Beogh against you.
Beogh smites you!
You feel threatened and lose the ability to drink potions!
* * * LOW HITPOINT WARNING * * *
You hit the orc priest.
The orc priest easily resists.
The orc priest is almost dead.
The orc priest calls down the wrath of Beogh upon you.
Beogh smites you!
You die...

#########.....#, #.o.#
..#..
#.###.#.##....###...#.
##.......##...#...#...#
####.....#####..#.....#..#,
#.............>........#*
#........######.#o....# *
#........##...{..#...#..o#
#.##.....##o##....###...#.
#.##.....##@#....#..# .#..
#.##.....##.#...#...#* ..
#.##.....##.#......#.. ..
#.##.....##.#.....#...#. ?
,
#.##.....##.#........#.#.,,
#.##.....##.#.......#...#,
#.#* *** *#.#............ ,
#.# #.#.........# , #.#
#.#.........#


You could see an orc priest.

Vanquished Creatures
  A water moccasin (D:5)
  A black bear (D:4)
  A phantom (D:5)
  Crazy Yiuf (D:2)
  2 iguanas
  2 orc wizards
  4 adders
  3 gnolls (D:4)
  An ufetubus (D:5)
  A worm (D:2)
  15 orcs
  6 endoplasms
  2 giant cockroaches
  4 goblins
  8 hobgoblins
  7 jackals
  3 kobolds
  2 quokkas
  4 ball pythons
  2 bats (D:2)
  3 frilled lizards
  2 rats (D:1)
75 creatures vanquished.

Vanquished Creatures (others)
  An orc wizard (D:5)
  5 fungi (D:2)
  6 plants (D:2)
12 creatures vanquished.

Grand Total: 87 creatures vanquished

Notes
Turn   | Place    | Note
-------+----------+-------------------------------------------
     0 | D:1      | McGhostyFace the Gnoll Wanderer began the quest for the
                  | Orb.
     0 | D:1      | McGhostyFace set off with the following items: a +0
                  | quarterstaff, 9 poisoned darts, a +0 dagger, a potion of
                  | attraction, a +0 robe; and the following spell memorised:
                  | Kiss of Death; and the following spells available to
                  | memorise: Vampiric Draining, Dispel Undead.
     0 | D:1      | Reached XP level 1. HP: 13/13 MP: 4/4
   119 | D:1      | Reached XP level 2. HP: 19/19 MP: 5/5
   551 | D:2      | Found a faded altar of an unknown god.
   646 | D:2      | Reached XP level 3. HP: 15/25 MP: 7/7
   784 | D:2      | Reached skill level 1 in Invocations
   883 | D:2      | Reached skill level 1 in Fighting
   883 | D:2      | Reached skill level 1 in Short Blades
   883 | D:2      | Reached skill level 1 in Long Blades
   883 | D:2      | Reached skill level 1 in Axes
   883 | D:2      | Reached skill level 1 in Maces & Flails
   883 | D:2      | Reached skill level 1 in Polearms
   883 | D:2      | Reached skill level 1 in Ranged Weapons
   883 | D:2      | Reached skill level 1 in Stealth
   883 | D:2      | Reached skill level 1 in Shields
   883 | D:2      | Reached skill level 1 in Unarmed Combat
   883 | D:2      | Reached skill level 1 in Evocations
  1050 | D:2      | Found a runed translucent door.
  1051 | D:2      | Noticed Crazy Yiuf
  1117 | D:2      | Reached XP level 4. HP: 32/32 MP: 8/8
  1509 | D:2      | Killed Crazy Yiuf
  1510 | D:2      | Reached skill level 1 in Conjurations
  1510 | D:2      | Reached skill level 1 in Hexes
  1510 | D:2      | Reached skill level 1 in Summonings
  1510 | D:2      | Reached skill level 1 in Translocations
  1510 | D:2      | Reached skill level 1 in Transmutations
  1510 | D:2      | Reached skill level 1 in Fire Magic
  1510 | D:2      | Reached skill level 1 in Ice Magic
  1510 | D:2      | Reached skill level 1 in Air Magic
  1510 | D:2      | Reached skill level 1 in Earth Magic
  1510 | D:2      | Reached skill level 1 in Poison Magic
  1686 | D:3      | Reached XP level 5. HP: 34/37 MP: 9/9
  1901 | D:3      | Identified the +5 leather armour "Asaucut" {rPois}
  2366 | D:4      | Found a staircase to the Ecumenical Temple.
  2393 | Temple   | Entered the Ecumenical Temple
  2526 | Temple   | Became a worshipper of Ashenzari the Shackled
  2595 | D:4      | Found a stormy altar of Qazlal.
  2599 | D:4      | Found a snail-covered altar of Cheibriados.
  2728 | D:4      | Reached XP level 6. HP: 35/44 MP: 9/11
  2777 | D:4      | Found Esue's Fire Supplies.
  2780 | D:4      | Noticed a black bear
  2806 | D:4      | Killed a black bear
  2807 | D:4      | Reached skill level 5 in Staves
  2807 | D:4      | Reached skill level 5 in Armour
  3013 | D:4      | Gained mutation: You sometimes lose your temper in combat.
                  | [potion of mutation]
  3013 | D:4      | Gained mutation: Armour fits poorly on your strangely
                  | shaped body. [potion of mutation]
  3014 | D:4      | Lost mutation: Armour fits poorly on your strangely shaped
                  | body. [potion of mutation]
  3014 | D:4      | Lost mutation: You sometimes lose your temper in combat.
                  | [potion of mutation]
  3014 | D:4      | Gained mutation: You occasionally lose the ability to drink
                  | potions when taking damage. [potion of mutation]
  3014 | D:4      | Gained mutation: You have large cloven feet. [potion of
                  | mutation]
  3014 | D:4      | Gained mutation: You passively map a small area around you.
                  | [potion of mutation]
  3245 | D:5      | Entered Level 5 of the Dungeon
  3337 | D:5      | Found Voazue's Armour Boutique.
  3382 | D:5      | Noticed a water moccasin
  3396 | D:5      | Killed a water moccasin
  3397 | D:5      | Reached XP level 7. HP: 42/51 MP: 12/12
  3530 | D:5      | Killed from afar by an orc priest

Illustrated notes

Levels and vault maps discovered:
D:1:      nagdon_arrival_double_spiral, layout_rooms, nrook_mini_backslash
D:2:      layout_loops_ring, shapermc_ecumenical_altar_mp_urbaneastern,
          minivault_4, uniq_crazy_yiuf_cottage
D:3:      layout_basic
D:4:      layout_basic, grunt_temple_overflow_open,
          minmay_temple_entry_crystal_x, nicolae_shop_fire_sale
          [nicolae_sub_dead_trees]
D:5:      wander_river, layout_basic, serial_shops, shop,
          palyth_stone_intersect, minmay_splitting_lines, interstate_on_off,
          uniq_ijyb
Temple:   bh_familiar_temple

Skill      XL: |  1  2  3  4  5  6  7 |
---------------+----------------------+-----
Invocations    | 1 2 |  2.8
Fighting       | 1 2 |  2.5
Short Blades   | 1 2 |  2.5
Long Blades    | 1 2 |  2.5
Axes           | 1 2 |  2.5
Maces & Flails | 1 2 |  2.5
Polearms       | 1 2 |  2.5
Ranged Weapons | 1 2 |  2.5
Stealth        | 1 2 |  2.5
Shields        | 1 2 |  2.5
Unarmed Combat | 1 2 |  2.5
Evocations     | 1 2 |  2.5
Spellcasting   | 3 |  3.8
Conjurations   | 1 2 |  2.1
Hexes          | 1 2 |  2.1
Summonings     | 1 2 |  2.1
Translocations | 1 2 |  2.1
Transmutations | 1 2 |  2.1
Fire Magic     | 1 2 |  2.1
Ice Magic      | 1 2 |  2.1
Air Magic      | 1 2 |  2.1
Earth Magic    | 1 2 |  2.1
Poison Magic   | 1 2 |  2.1
Throwing       | 3 |  3.7
Dodging        | 3 |  3.7
Staves         | 5 |  5.3
Armour         | 5 |  5.3
Necromancy     | |  5.8

Action                   |  1- 3 |  4- 6 |  7- 9 || total
-------------------------+-------+-------+-------++-------
Melee: Quarterstaff      |   108 |   103 |    27 ||   238
       Bite              |     6 |     8 |     2 ||    16
Throw: Dart              |       |     8 |       ||     8
 Cast: Kiss of Death     |       |     1 |       ||     1
Invok: Curse Item        |       |     1 |       ||     1
Evoke: Wand              |       |     1 |       ||     1
  Use: Potion            |       |     3 |       ||     3
       Scroll            |       |     5 |       ||     5
 Stab: Sleeping          |     2 |     1 |       ||     3
       Invisible         |       |     1 |       ||     1
Armor: Robe              |    30 |    10 |       ||    40
       Leather armour    |       |    27 |     9 ||    36
Dodge: Dodged            |    64 |    70 |     9 ||   143

Table legend: (Time is in decaauts)
 A = Elapsed time spent in this place.
 B = Non-inter-level travel time spent in this place.
 C = Inter-level travel time spent in this place.
 D = Time resting spent in this place.
 E = Time spent auto-exploring this place.
 F = Levels seen in this place.
 G = Mean time per level.
                   A        B        C        D        E       F      G
               +--------+--------+--------+--------+--------+-----+--------+
         Total |   3550 |   3443 |    107 |    316 |   2236 |   6 |  591.7 |
       Dungeon |   3388 |   3309 |     79 |    316 |   2111 |   5 |  677.6 |
        Temple |    162 |    134 |     28 |      0 |    125 |   1 |  162.0 |
               +--------+--------+--------+--------+--------+-----+--------+

Top non-repeatable levels by time:
     D:2: 1193 daAuts
     D:4: 781 daAuts
     D:3: 637 daAuts
     D:1: 490 daAuts
     D:5: 285 daAuts
  Temple: 162 daAuts
